Map: Proxima Station LE

Players

FrontierBro

  • Race: Protoss Protoss
  • League: Platinum
  • Spawn Location: 7:00

Fropez - Winner!

  • Race: Protoss Protoss
  • League: Platinum
  • Spawn Location: 1:00

VOD

Have the link to the VOD?

Description

Time

  • Played on: Jan. 26, 2017, 12:50 p.m.
  • Length: 8:52
Show
View Real Time Build Order
Export as new Build Order

FrontierBro Protoss 

Build Orders:  

Get SALT Encoding   

  12  0:05  Probe (Chrono Boost)  
  13  0:16  Probe (Chrono Boost)  
  14  0:22  Pylon  
  14  0:26  Probe (Chrono Boost)  
  15  0:40  Probe (Chrono Boost)  
  15  0:42  Gateway  
  16  0:49  Assimilator  
  16  0:51  Probe (Chrono Boost)  
  17  1:02  Probe (Chrono Boost)  
  18  1:10  Assimilator  
  18  1:12  Probe (Chrono Boost)  
  19  1:23  Probe (Chrono Boost), Gateway  
  20  1:33  Probe (Chrono Boost)  
  20  1:35  Cybernetics Core  
  21  1:45  Pylon  
  21  1:51  Probe (Chrono Boost)  
  22  1:56  Pylon  
  22  2:06  Probe (Chrono Boost)  
  23  2:12  Warp Gate  
  23  2:17  Mothership Core (Chrono Boost)  
  23  2:21  Adept  
  27  2:33  Adept  
  29  2:44  Pylon  
  29  3:00  Adept  
  29  3:04  Adept  
  33  3:08  Pylon  
  33  3:17  Probe (Chrono Boost), Stargate  
  34  3:28  Robotics Facility  
  34  3:37  Zealot  
  34  3:39  Zealot  
  38  3:46  Pylon  
  38  3:54  Probe (Chrono Boost)  
  38  4:15  Oracle  
  41  4:28  Immortal  
  37  4:53  Stalker x2  
  40  5:12  Void Ray  
  42  5:18  Immortal  
  42  5:20  Probe (Chrono Boost)  
  47  5:49  Stalker x2  
  51  5:59  Probe (Chrono Boost)  
  51  6:02  Immortal  
  56  6:06  Pylon  
  56  6:16  Nexus  
  56  6:31  Stalker x2  
  59  6:47  Void Ray  
  63  7:05  Forge  
  63  7:13  Probe (Chrono Boost)  
  64  7:19  Twilight Council  
  61  7:41  Probe (Chrono Boost)  
  62  7:44  Observer  
  62  7:48  Photon Cannon  
  63  7:52  Probe (Chrono Boost)  
  64  8:02  Probe (Chrono Boost)  
  62  8:13  Probe (Chrono Boost)  
  56  8:23  Probe (Chrono Boost)  
  55  8:28  Stalker x2  
Show
View Real Time Build Order
Export as new Build Order

Fropez Protoss - Winner!

Build Orders: 1 Gate Expand 

Get SALT Encoding   

  12  0:00  Probe (Chrono Boost)  
  13  0:11  Probe (Chrono Boost)  
  14  0:17  Pylon  
  14  0:22  Probe (Chrono Boost)  
  16  0:35  Probe (Chrono Boost)  
  16  0:41  Gateway  
  16  0:46  Probe (Chrono Boost)  
  17  0:57  Assimilator  
  17  1:01  Probe (Chrono Boost)  
  18  1:15  Pylon, Probe (Chrono Boost)  
  20  1:25  Probe (Chrono Boost)  
  20  1:32  Nexus  
  20  1:36  Probe (Chrono Boost)  
  21  1:46  Probe (Chrono Boost)  
  22  1:53  Cybernetics Core  
  22  1:57  Probe (Chrono Boost)  
  23  2:08  Probe (Chrono Boost)  
  24  2:18  Probe (Chrono Boost)  
  24  2:19  Gateway  
  24  2:22  Assimilator  
  25  2:23  Warp Gate  
  25  2:31  Mothership Core (Chrono Boost)  
  27  2:46  Probe (Chrono Boost)  
  27  2:47  Adept  
  27  2:49  Probe (Chrono Boost)  
  30  2:56  Probe (Chrono Boost)  
  31  3:01  Probe (Chrono Boost)  
  31  3:04  Gateway  
  32  3:07  Probe (Chrono Boost)  
  32  3:11  Pylon  
  33  3:15  Pylon, Probe (Chrono Boost)  
  33  3:16  Adept  
  33  3:18  Adept  
  38  3:21  Probe (Chrono Boost)  
  39  3:30  Probe (Chrono Boost)  
  40  3:36  Twilight Council, Probe (Chrono Boost)  
  40  3:38  Assimilator  
  41  3:43  Adept  
  41  3:46  Adept  
  45  4:02  Resonating Glaives  
  42  4:25  Robotics Facility  
  42  4:28  Adept  
  42  4:29  Adept x2, Pylon  
  44  4:49  Probe x2 (Chrono Boost)  
  48  5:01  Probe x2 (Chrono Boost)  
  46  5:14  Stalker x3  
  46  5:17  Assimilator  
  52  5:23  Probe x2 (Chrono Boost), Gateway  
  52  5:26  Pylon  
  52  5:27  Immortal  
  56  5:35  Probe (Chrono Boost)  
  52  5:46  Stalker x3  
  60  5:51  Probe x2 (Chrono Boost)  
  60  6:03  Probe x2 (Chrono Boost)  
  62  6:06  Immortal  
  66  6:15  Probe x2 (Chrono Boost), Stalker  
  70  6:20  Pylon  
  70  6:22  Pylon  
  72  6:40  Probe x2 (Chrono Boost)  
  72  6:43  Stalker x3  
  72  6:44  Stalker  
  78  6:52  Probe x2 (Chrono Boost)  
  74  7:02  Immortal  
  74  7:04  Probe x2 (Chrono Boost)  
  74  7:06  Nexus  
  80  7:14  Pylon  
  80  7:20  Adept x3  
  85  7:51  Forge, Gateway  
  85  7:53  Forge  
  85  7:54  Adept x2  
  85  7:55  Forge  
  89  7:58  Pylon  
  89  8:00  Pylon  
  89  8:01  Probe (Chrono Boost)  
  90  8:08  Pylon  
  90  8:09  Adept  
  78  8:44  Adept x4  
Tags
 
Add a new tag
Caveats
  • Supply blocks, unpowered buildings, or Contaminate may cause inaccurate times.
  • Supply counts are checked every 10 seconds.